 Dungeon Crawl Stone Soup version 0.25-a0-289-g406d6369f5 (webtiles) character file.

Game seed: 16988092495446644205, levelgen mode: deterministic

45724 Faustar the Transmogrifier (level 14, -5/70 HPs)
             Began as a Felid Earth Elementalist on Dec 12, 2019.
             Was the Champion of Dithmenos.
             Blown up by an orb spider (50 damage)
             ... with an orb of destruction
             ... on level 1 of the Spider Nest on Dec 13, 2019.
             The game lasted 02:46:40 (45492 turns).

Faustar the Transmogrifier (FeEE)                  Turns: 45492, Time: 02:46:41

Health: -5/70      AC:  6    Str:  4    XL:     14   Next: 2%
Magic:  27/28      EV: 31    Int: 19    God:    Dithmenos [******]
Gold:   2306       SH:  2    Dex: 22    Spells: 10/31 levels left
                                        Lives:  0   Deaths: 4

rFire    . . .     SeeInvis +     - Unarmed
rCold    + . .     Gourm    .   (shield unavailable)
rNeg     . . .     Faith    .   (armour unavailable)
rPois    .         Spirit   .   (helmet unavailable)
rElec    .         Reflect  +   (cloak unavailable)
rCorr    +         Harm     .   (gloves unavailable)
MR       ++...                  (boots unavailable)
Stlth    ++++++++++             v - +2 amulet of reflection
HPRegen  0.21/turn              y - +3 ring of protection
MPRegen  0.21/turn              D - ring of Balance {+Fly rCorr Dex+3 Stlth+}

@: wreathed by umbra, quick
A: very small, no armour, no weapons or thrown items, stealth, claws 1, fangs 3,
see invisible, carnivore, speed 1, shaggy fur 3, slow metabolism 1, sharp paws
a: Shadow Step, Shadow Form, Renounce Religion, Evoke Flight


You were on level 1 of the Spider Nest.
You worshipped Dithmenos.
Dithmenos was exalted by your worship.
You were completely stuffed.

You visited 7 branches of the dungeon, and saw 27 of its levels.
You also visited: Ice Cave.

You collected 3514 gold pieces.
You spent 1208 gold pieces at shops.

Inventory:

Missiles
 b - 342 stones
Jewellery
 k - a +2 ring of dexterity
 m - an uncursed ring of protection from cold
 v - a +2 amulet of reflection (around neck)
 x - an uncursed ring of poison resistance
 y - a +3 ring of protection (left paw)
 D - the ring of Balance (right paw) {+Fly rCorr Dex+3 Stlth+}
   (You found it on level 1 of the Lair of Beasts)

   [ring of resist corrosion]

   It affects your dexterity (+3).
   It lets you fly.
   It provides partial protection from all sources of acid and corrosion.
   It makes you more stealthy.
 J - an uncursed ring of ice
 K - an uncursed ring of wizardry
 S - an uncursed ring of protection from magic
Wands
 e - a wand of iceblast (10)
 j - a wand of digging (11)
 w - a wand of flame (89)
 z - a wand of scattershot (3)
 B - a wand of random effects (16)
 G - a wand of acid (5)
 O - a wand of paralysis (7)
Scrolls
 a - 2 scrolls of teleportation
 g - 8 scrolls of amnesia
 l - 12 scrolls of remove curse
 q - a scroll of summoning {unknown}
 s - 8 scrolls of fog
 t - a scroll of holy word {unknown}
 L - a scroll of brand weapon {unknown}
 N - a scroll of acquirement {unknown}
 Q - 2 scrolls of vulnerability
 R - 4 scrolls of magic mapping
Potions
 d - 2 potions of cancellation
 f - 3 potions of flight
 h - 11 potions of curing
 i - 5 potions of heal wounds
 n - 2 potions of agility
 o - 4 potions of brilliance
 p - 7 potions of mutation
 r - 2 potions of lignification
 u - 2 potions of magic
 A - 2 potions of invisibility
 C - 4 potions of ambrosia
 F - 4 potions of haste
 H - 2 potions of resistance
Comestibles
 c - 37 rations
 E - a chunk of flesh


   Skills:
 * Level 13.4 Fighting
 - Level 12.9 Dodging
 - Level 10.0 Stealth
 - Level 12.5 Unarmed Combat
 - Level 9.0 Spellcasting
 - Level 2.1 Conjurations
 - Level 13.5 Transmutations
 - Level 10.0 Earth Magic


You had 10 spell levels left.
You knew the following spells:

 Your Spells              Type           Power        Failure   Level  Hunger
a - Sandblast             Erth           #####.       1%          1    None
b - Stone Arrow           Conj/Erth      ####..       1%          3    None
c - Passwall              Tmut/Erth      ######..     1%          2    None
d - Petrify               Tmut/Erth      ######..     1%          4    ###....
e - Blade Hands           Tmut           ######....   1%          5    #####..
f - Statue Form           Tmut/Erth      ######...    10%         6    ######.

Your spell library contained the following spells:

 Spells                   Type           Power        Failure   Level  Hunger
 Beastly Appendage        Tmut           ######       1%          1    None
 Sticks to Snakes         Tmut           ######..     1%          2    None
 Spider Form              Tmut/Pois      ####......   1%          3    None
 Lee's Rapid Deconstruct  Erth           #####.....   3%          5    #####..
 Ice Form                 Ice/Tmut       ####....     4%          4    ###....
 Freeze                   Ice            #...         9%          1    None
 Leda's Liquefaction      Hex/Erth       ####......   11%         4    ###....
 Ozocubu's Armour         Chrm/Ice       #.......     24%         3    None
 Bolt of Magma            Conj/Fire/Erth ###.......   41%         5    #####..
 Hailstorm                Conj/Ice       ##......     47%         4    ###....
 Summon Ice Beast         Ice/Summ       #.......     63%         4    ###....
 Iron Shot                Conj/Erth      ####......   71%         6    ######.
 Shatter                  Erth           #####.....   100%        9    #######


Dungeon Overview and Level Annotations

Branches:
Dungeon (14/15)            Temple (1/1) D:6            Lair (6/6) D:8
  Swamp (2/4) Lair:2       Spider (1/4) Lair:3        Slime (0/5) Lair:5
    Orc (2/2) D:9             Elf (1/3) Orc:2        Vaults (0/5) D:14
  IceCv (visited)

Altars:
Ashenzari
Cheibriados
Dithmenos
Elyvilon
Fedhas
Gozag
Hepliaklqana
Kikubaaqudgha
Makhleb
Nemelex Xobeh
Okawaru
Qazlal
Ru
Sif Muna
Trog
Uskayaw
Vehumet
Wu Jian
Xom
Yredelemnul
Zin
The Shining One
Beogh

Shops:
Orc:1 [   Orc:2 ![*(=

Annotations:
D:14 3 runed translucent doors
Lair:2 exclusion: death yak
Lair:4 exclusion: 3 death yaks
Lair:6 exclusions: death yak and 3 more exclusions


Innate Abilities, Weirdness & Mutations

You cannot wear armour.
You are incapable of wielding weapons or throwing items.
Your paws allow you to move quietly. (Stealth)
You have sharp claws.
You have razor-sharp teeth.
You have supernaturally acute eyesight. (SInv)
You are carnivorous and can eat meat at any time.
You cover ground quickly.
Your thick and shaggy fur keeps you warm. (AC +3, rC+)
You have a slow metabolism.
Your sharp claws are effective at attacking unaware monsters.


Message History

Found 26 gold pieces and a potion of brilliance.
The orb spider weaves a glowing orb of energy.
An orb of destruction comes into view.
The orb of destruction hits you!!
You emit a cloud of dark smoke.
The orb spider pulsates with a strange energy.
There is a crawl-hole back to the Lair, spattered with blood here.
The orb spider weaves a glowing orb of energy.
Your transformation is almost over.
An orb of destruction comes into view.
The orb of destruction moves out of view.
A jumping spider comes into view.
The orb spider spins a strand of pure energy.
A tarantella comes into view.
The orb spider weaves a glowing orb of energy.
Found a robe.
An orb of destruction comes into view.
You revert to your normal fleshy form.
The orb of destruction hits you!!!
Ouch! That really hurt!
You die...

. .......$........
...................
...#...............
.....#...§§§§.#.○..
.......§§§§§.......
s......§§§§#.§.....
........"<§§§......
.○...../..§§§..°○..
.○........@§§°°.$..
.○..#.####.☼○......
.#...# #.*.s..#..
....# ##s.#.....
...# ##^...... .#
#...#.. .....$
.s.!. .[..


You could see an orb spider, a jumping spider (wandering) and a tarantella
(wandering).

Vanquished Creatures
  Gastronok (D:10)
  Kirke (Swamp:1)
  2 orc warlords (Orc:1)
  An ironheart preserver (D:14)
  Nessos (D:12)
  2 entropy weavers (Lair:4)
  Azrael (Lair:3)
  A spark wasp (shapeshifter) (D:12)
  Josephine (Swamp:1)
  An ettin (Orc:1)
  Erolcha (D:11)
  Fannar (D:11)
  5 hydras
  A centaur warrior (D:11)
  Erica (D:8)
  5 two-headed ogres
  A ghost crab (Swamp:1)
  A queen ant (Lair:4)
  7 alligators
  4 orc high priests
  Urug (Lair:2)
  Sonja (D:10)
  Pikel (D:3)
  4 orc knights
  3 orc sorcerers (Orc:2)
  A deep elf mage (D:12)
  7 wolf spiders (Lair:3)
  8 ugly things
  5 cyclopes
  6 elephants
  2 manticores
  An elephant (shapeshifter) (D:14)
  2 centaur zombies (D:12)
  2 black mambas
  2 gargoyles
  Psyche (D:11)
  3 torpor snails
  15 spiny frogs
  3 rime drakes
  A freezing wraith (D:14)
  A kobold demonologist (D:14)
  7 komodo dragons
  A yaktaur (D:12)
  A demonic crawler (Lair:3)
  7 trolls
  3 meliai (D:13)
  2 polar bears
  A jumping spider (Lair:3)
  10 slime creatures
  A tyrant leech (Swamp:1)
  3 hornets
  A raiju (shapeshifter) (D:14)
  15 blink frogs
  6 bog bodies
  7 hippogriffs
  A centaur simulacrum (D:14)
  3 spriggans
  2 vampires
  A spriggan (shapeshifter) (D:14)
  A shadow (D:11)
  7 tarantellas
  14 redbacks
  5 wraiths (Lair:2)
  9 yaks
  The ghost of nht the Chopper, an amateur HOBe of Trog (D:3)
  3 wyverns
  2 fire elementals (Lair:4)
  5 hogs
  A steam dragon (Lair:6)
  4 basilisks
  The ghost of Essalna the Slasher, an amateur DsGl (D:3)
  5 humans
  The ghost of fly the Ducker, an amateur DrTm of Uskayaw (D:3)
  4 hungry ghosts
  6 vampire mosquitoes
  Menkaure (D:3)
  2 wargs (Orc:1)
  24 soldier ants
  3 acid dragons
  10 swamp worms
  The ghost of kuzmorgo the Magician, an amateur DEWz (D:3)
  12 porcupines
  8 water moccasins
  Duvessa (D:4)
  2 hell hounds (Lair:3)
  5 ice beasts
  5 swamp drakes
  A hornet zombie (D:11)
  40 orc warriors
  2 phantoms
  3 sky beasts
  5 necrophages
  3 eyes of draining (D:12)
  46 wolves
  2 black bears
  6 ogres
  4 centaurs
  15 crocodiles
  The ghost of paps the Skirmisher, an amateur GrFi of Gozag (D:3)
  2 big kobolds
  Blork the orc (D:4)
  11 bullfrogs
  Dowan (D:4)
  2 water moccasin zombies
  3 scorpions
  A wyvern skeleton (D:8)
  6 wights
  2 electric eels (Lair:4)
  10 howler monkeys
  8 crimson imps
  3 bullfrog zombies
  2 hounds
  A quasit (D:8)
  19 jellies
  6 centaur skeletons
  23 orc priests
  2 bullfrog skeletons
  29 orc wizards
  6 iguanas
  34 worker ants
  A hound zombie (D:9)
  2 worker ant zombies
  A howler monkey zombie (D:11)
  A howler monkey skeleton (D:11)
  15 adders
  10 gnolls
  5 shadow imps
  7 oozes
  An adder zombie (D:9)
  2 adder skeletons (D:4)
  3 worms
  3 leopard geckos
  80 orcs
  2 ball pythons
  3 giant cockroaches
  10 goblins
  6 hobgoblins
  10 jackals
  4 quokkas
  4 bats
  A frilled lizard (D:2)
  A jackal zombie (D:6)
  19 kobolds
  A leopard gecko skeleton (D:8)
  A quokka skeleton (D:6)
  9 rats
826 creatures vanquished.

Vanquished Creatures (collateral kills)
  An ogre (D:12)
  A bullfrog skeleton (D:12)
  An adder (D:12)
3 creatures vanquished.

Vanquished Creatures (others)
  Edmund (D:4)
  A slave (D:4)
  2 wolves
  2 worker ants
  2 orcs (Orc:2)
  15 fungi
  13 plants
36 creatures vanquished.

Grand Total: 865 creatures vanquished

Notes
Turn   | Place    | Note
-------+----------+-------------------------------------------
     0 | D:1      | Faustar the Felid Earth Elementalist began the quest for
                  | the Orb.
     0 | D:1      | Reached XP level 1. HP: 7/7 MP: 4/4
    92 | D:1      | Reached skill level 1 in Unarmed Combat
   187 | D:1      | Reached XP level 2. HP: 11/11 MP: 6/6
  1297 | D:2      | Found a bloodstained altar of Trog.
  1304 | D:2      | Reached XP level 3. HP: 14/14 MP: 5/7
  2678 | D:3      | Reached XP level 4. HP: 18/18 MP: 6/8
  3318 | D:3      | Learned a level 3 spell: Stone Arrow
  3722 | D:3      | Found a runed translucent gate.
  3724 | D:3      | Noticed paps's ghost (amateur GrFi)
  3726 | D:3      | Found a runed translucent gate.
  3726 | D:3      | Noticed nht's ghost (amateur HOBe)
  3726 | D:3      | Noticed Essalna's ghost (amateur DsGl)
  3726 | D:3      | Noticed fly's ghost (amateur DrTm)
  3726 | D:3      | Noticed kuzmorgo's ghost (amateur DEWz)
  3727 | D:3      | Found a runed translucent gate.
  4016 | D:4      | Reached XP level 5. HP: 19/21 MP: 5/9
  4187 | D:4      | Noticed Duvessa
  4189 | D:4      | Noticed Dowan
  4566 | D:4      | Noticed Menkaure
  4848 | D:3      | Reached skill level 1 in Conjurations
  5260 | D:4      | Killed Duvessa
  5260 | D:4      | Gained mutation: You are covered in thick fur. (AC +2)
                  | [Felid growth]
  5260 | D:4      | Reached XP level 6. HP: 13/24 MP: 1/11
  5834 | D:3      | Killed Menkaure
  6215 | D:4      | Reached skill level 5 in Earth Magic
  6480 | D:4      | Killed Dowan
  6480 | D:4      | Reached XP level 7. HP: 27/27 MP: 6/14
  6560 | D:4      | Noticed Blork the orc
  6726 | D:4      | Killed Blork the orc
  6850 | D:4      | Noticed Pikel
  6863 | D:4      | Reached skill level 5 in Spellcasting
  7073 | D:3      | Killed Pikel
  7073 | D:3      | Reached XP level 8. HP: 34/34 MP: 1/16
  7275 | D:4      | Noticed Edmund
  7385 | D:4      | Killed Edmund
  7676 | D:5      | Entered Level 5 of the Dungeon
  7715 | D:5      | Learned a level 2 spell: Passwall
  7720 | D:5      | Learned a level 4 spell: Petrify
  9493 | D:6      | Found a staircase to the Ecumenical Temple.
  9541 | D:6      | Reached skill level 5 in Transmutations
  9738 | D:6      | Reached XP level 9. HP: 38/38 MP: 8/17
 11836 | D:8      | Reached skill level 5 in Unarmed Combat
 12735 | D:8      | Reached skill level 5 in Fighting
 13147 | D:7      | Reached XP level 10. HP: 31/44 MP: 2/18
 13634 | D:8      | Reached skill level 5 in Dodging
 13843 | Temple   | Entered the Ecumenical Temple
 13932 | Temple   | Became a worshipper of Dithmenos the Shadowed
 14378 | D:8      | Noticed Erica
 14567 | D:8      | Found a staircase to the Lair.
 14776 | D:8      | Killed Erica
 14969 | Lair:1   | Entered Level 1 of the Lair of Beasts
 15027 | Lair:1   | Found a frozen archway.
 15036 | IceCv    | Entered an ice cave
 15815 | Lair:1   | Got a clouded pewter ring
 16201 | Lair:2   | Noticed a four-headed hydra
 16201 | Lair:2   | Noticed a spiny frog
 16264 | Lair:2   | Killed a four-headed hydra
 16296 | Lair:2   | Noticed a spiny frog
 16308 | Lair:2   | Killed a spiny frog
 16308 | Lair:2   | Reached XP level 11. HP: 51/51 MP: 15/19
 16662 | Lair:1   | Identified the ring of Balance {+Fly rCorr Dex+3 Stlth+}
                  | (You found it on level 1 of the Lair of Beasts)
 16763 | Lair:2   | Noticed a death yak
 16818 | Lair:2   | Noticed Urug
 16834 | Lair:2   | Killed Urug
 17411 | Lair:2   | Found a staircase to the Swamp.
 17424 | Lair:2   | Killed from afar by a bog body
 17425 | Lair:2   | Reached XP level 10. HP: -7/49 MP: 18/18
 17441 | Lair:2   | Noticed a spiny frog
 17681 | Lair:2   | Killed a spiny frog
 17681 | Lair:2   | Reached * piety under Dithmenos
 18835 | Lair:3   | Noticed a spiny frog
 18847 | Lair:3   | Killed a spiny frog
 18847 | Lair:3   | Reached skill level 5 in Stealth
 18855 | Lair:3   | Noticed a spiny frog
 18899 | Lair:3   | Killed a spiny frog
 18899 | Lair:3   | Reached XP level 11. HP: 45/53 MP: 2/19
 20284 | Lair:2   | Reached skill level 10 in Stealth
 20793 | Lair:3   | Reached skill level 10 in Unarmed Combat
 20797 | Lair:3   | Reached ** piety under Dithmenos
 21132 | Lair:3   | Found a hole to the Spider Nest.
 21540 | Lair:4   | Noticed a six-headed hydra
 22005 | Lair:4   | Noticed a death yak
 22005 | Lair:4   | Noticed a death yak
 22063 | Lair:4   | Reached skill level 10 in Fighting
 22705 | Lair:4   | Noticed a death yak
 23238 | Lair:4   | Killed a six-headed hydra
 23264 | Lair:4   | Noticed an entropy weaver
 23394 | Lair:4   | Killed an entropy weaver
 23394 | Lair:4   | Gained mutation: Your thick and shaggy fur keeps you warm.
                  | (AC +3, rC+) [Felid growth]
 23394 | Lair:4   | Reached XP level 12. HP: 58/58 MP: 11/20
 23577 | Lair:4   | Noticed a queen ant
 23595 | Lair:3   | Reached *** piety under Dithmenos
 23821 | Lair:4   | Killed a queen ant
 24137 | Lair:4   | Reached skill level 10 in Dodging
 24285 | Lair:4   | Noticed an entropy weaver
 24556 | Lair:4   | Killed an entropy weaver
 24873 | Lair:4   | Learned a level 5 spell: Blade Hands
 25100 | Lair:4   | Noticed a death yak
 25457 | Lair:5   | Found a staircase to the Slime Pits.
 25882 | Lair:5   | You fall into a shaft and drop 1 floor!
 25882 | Lair:6   | Entered Level 6 of the Lair of Beasts
 25912 | Lair:6   | Noticed a death yak
 25935 | Lair:6   | Noticed a six-headed hydra
 26473 | Lair:6   | Noticed a death yak
 26473 | Lair:6   | Noticed a death yak
 26473 | Lair:6   | Noticed a death yak
 26502 | Lair:6   | Killed a six-headed hydra
 26659 | Lair:6   | Reached **** piety under Dithmenos
 27333 | Lair:6   | Noticed a four-headed hydra
 27342 | Lair:6   | Killed a four-headed hydra
 27497 | Lair:6   | Reached XP level 13. HP: 28/62 MP: 3/24
 28208 | Lair:6   | Reached skill level 10 in Transmutations
 28545 | Lair:6   | Noticed a fire dragon
 28569 | Lair:6   | Killed from afar by a fire dragon
 28570 | Lair:6   | Reached XP level 12. HP: -12/59 MP: 7/23
 29978 | D:9      | Found a staircase to the Orcish Mines.
 30059 | D:10     | Entered Level 10 of the Dungeon
 30059 | D:10     | Noticed Sonja
 30065 | D:10     | Killed Sonja
 30117 | D:10     | Noticed Gastronok
 30128 | D:10     | Killed Gastronok
 30449 | D:10     | Reached ***** piety under Dithmenos
 31445 | D:11     | Noticed Psyche
 31450 | D:11     | Killed Psyche
 31498 | D:11     | Noticed a two-headed ogre
 31527 | D:11     | Killed a two-headed ogre
 31677 | D:11     | Reached XP level 13. HP: 63/63 MP: 24/24
 31693 | D:11     | Noticed Fannar
 31700 | D:11     | Killed Fannar
 31873 | D:12     | Noticed Erolcha
 32052 | D:12     | Found a stormy altar of Qazlal.
 32539 | D:11     | Killed Erolcha
 33209 | D:12     | Noticed Nessos
 33302 | D:12     | Killed Nessos
 34049 | D:12     | Noticed a spark wasp
 34056 | D:12     | Killed a spark wasp
 34188 | D:12     | Identified the +8 chain mail of Blue Skies {rElec rN++}
 34906 | D:11     | Learned a level 6 spell: Statue Form
 35549 | D:12     | HP: 3/63 [rakshasa (illusionary)/lance of force (33)]
 35549 | D:12     | Collided with a rock wall
 35550 | D:12     | Reached XP level 12. HP: -7/60 MP: 13/23
 36526 | D:14     | Reached XP level 13. HP: 41/64 MP: 25/25
 36726 | D:14     | Reached ****** piety under Dithmenos
 36918 | D:14     | Found a runed translucent gate.
 36918 | D:14     | Found a runed translucent gate.
 36918 | D:14     | Noticed a purple very ugly thing
 36919 | D:14     | Found a runed translucent gate.
 37058 | D:14     | Found a gate to the Vaults.
 37058 | D:14     | Noticed an ironheart preserver
 37077 | D:14     | Killed an ironheart preserver
 37264 | D:14     | Noticed a purple very ugly thing
 37506 | D:3      | Killed fly's ghost
 37509 | D:3      | Killed Essalna's ghost
 37514 | D:3      | Killed nht's ghost
 37515 | D:3      | Killed paps's ghost
 37518 | D:3      | Killed kuzmorgo's ghost
 37695 | Orc:1    | Entered Level 1 of the Orcish Mines
 37698 | Orc:1    | Noticed an orc warlord
 37706 | Orc:1    | Killed an orc warlord
 37837 | Orc:1    | Noticed an ettin
 37994 | Orc:1    | Killed an ettin
 38342 | Orc:1    | Found Ogooqy's Armour Shoppe.
 38415 | Orc:2    | Entered Level 2 of the Orcish Mines
 38415 | Orc:2    | Found a roughly hewn altar of Beogh.
 38465 | Orc:2    | Found Zeggiuqo's Distillery.
 38465 | Orc:2    | Found a staircase to the Elven Halls.
 38474 | Orc:2    | Bought a potion of brilliance for 68 gold pieces
 38474 | Orc:2    | Bought a potion of ambrosia for 136 gold pieces
 38474 | Orc:2    | Bought 2 potions of ambrosia for 272 gold pieces
 38474 | Orc:2    | Bought a potion of curing for 51 gold pieces
 38474 | Orc:2    | Bought a potion of heal wounds for 85 gold pieces
 38474 | Orc:2    | Bought a potion of curing for 51 gold pieces
 38474 | Orc:2    | Bought a potion of haste for 170 gold pieces
 38776 | Orc:2    | Noticed an orc warlord
 40819 | Orc:1    | Killed an orc warlord
 41050 | Orc:2    | Found Qoupissyx's General Store.
 41051 | Orc:2    | Found Gefeischo's Jewellery Boutique.
 41052 | Orc:2    | Found Azovaut's Antique Armour Shop.
 41052 | Orc:2    | Found Moanemo's Antique Weapon Shop.
 41067 | Orc:2    | Bought an uncursed ring of protection from magic for 375
                  | gold pieces
 41223 | Elf:1    | Entered Level 1 of the Elven Halls
 41347 | Swamp:1  | Entered Level 1 of the Swamp
 41432 | Swamp:1  | Reached XP level 14. HP: 69/69 MP: 24/28
 41486 | Swamp:1  | Noticed Josephine
 41492 | Swamp:1  | Killed Josephine
 41515 | Swamp:1  | HP: 2/89 [alligator (6)]
 41805 | Lair:2   | Reached skill level 10 in Earth Magic
 42085 | Lair:2   | Upgraded the game from 0.25-a0-287-g56a5b49892 to
                  | 0.25-a0-289-g406d6369f5
 42183 | Swamp:1  | Noticed Kirke
 43581 | Swamp:1  | Noticed a sphinx
 43743 | Swamp:1  | Killed Kirke
 43835 | Swamp:2  | Slain by a shambling mangrove
 43836 | Swamp:2  | Reached XP level 13. HP: -4/64 MP: 21/27
 44261 | Spider:1 | Entered Level 1 of the Spider Nest
 44400 | Spider:1 | Noticed Azrael
 44999 | Lair:3   | Killed Azrael
 45394 | Lair:3   | Reached XP level 14. HP: 59/70 MP: 17/28
 45492 | Spider:1 | Blown up by an orb spider

Levels and vault maps discovered:
D:1:      evilmike_arrival_run_for_it, layout_loops_ring
D:2:      layout_loops_ring, nicolae_overflow_crystal_walls
D:3:      layout_rooms, gammafunk_ghost_cemetery, minmay_ruptured
D:4:      layout_rooms, serial_rivers, chequers_serial_rivers_micro_d,
          chequers_serial_rivers_micro_c, chequers_serial_rivers_micro_d,
          chequers_serial_rivers_micro_a, uniq_pikel, uniq_duvessa,
          uniq_blork_the_orc, uniq_menkaure, uniq_edmund
D:5:      layout_loops_ring, first_ration
D:6:      layout_basic, temple_statues
D:7:      layout_loops_ring
D:8:      layout_loops_corners, grunt_lair_entry_orc_guard_hut, minmay_ruffians,
          uniq_erica
D:9:      layout_basic, david_orc_4, hangedman_little_slice_of_home
D:10:     layout_rooms, uniq_sonja, uniq_gastronok
D:11:     layout_small_grid, hex_medium, nicolae_benzene_ring, uniq_psyche,
          uniq_fannar
D:12:     minmay_the_grid_square_5x5_5x5_mashed
          [minmay_the_grid_square_5x5_fat_x,
          minmay_the_grid_square_5x5_inverted_slash,
          minmay_the_grid_square_5x5_checkered,
          minmay_the_grid_square_5x5_eight, minmay_the_grid_square_5x5_inner_i,
          minmay_the_grid_square_5x5_one_wall,
          minmay_the_grid_square_5x5_prize_waves,
          minmay_the_grid_square_5x5_plus,
          minmay_the_grid_square_5x5_prize_open,
          minmay_the_grid_square_5x5_hollow_slash,
          minmay_the_grid_square_5x5_lines, minmay_the_grid_square_5x5_n,
          minmay_the_grid_square_5x5_prize_itemx,
          minmay_the_grid_square_5x5_n_small,
          minmay_the_grid_square_5x5_three_small,
          minmay_the_grid_square_5x5_seven,
          minmay_the_grid_square_5x5_prize_gold,
          minmay_the_grid_square_5x5_comb,
          minmay_the_grid_square_5x5_prize_monsterx,
          minmay_the_grid_square_5x5_spiral_small,
          minmay_the_grid_square_5x5_misaligned,
          minmay_the_grid_square_5x5_tri_point,
          minmay_the_grid_square_5x5_shuriken,
          minmay_the_grid_square_5x5_bridge,
          minmay_the_grid_square_5x5_bracketed], layout_basic,
          lemuel_statue_altar, uniq_erolcha, uniq_nessos
D:13:     layout_rooms
D:14:     layout_gridville, skrybe_vaults_entry_preservation,
          ploomutoo_gammafunk_ghost_potion_laboratory, minmay_misc_feat_x
Temple:   compressed_dpeg_circular_temple
Lair:1:   layout_regular_city, portal_ice_cave_entry_pillars_1,
          minmay_stone_trees_medium, serial_bayou_shore_b
Lair:2:   layout_chaotic_city, skrybe_swamp_entry_bodies, uniq_urug
Lair:3:   layout_loops_ring, spider_nest_entry_webs,
          grunt_forest_large_clearings
Lair:4:   layout_loops_ring, minivault_29, serial_bayou_shore_a,
          serial_bayou_shore_b
Lair:5:   layout_misc_corridors, minmay_slime_entry_jelly_boxes
Lair:6:   guppyfry_lair_end_dragon, layout_regular_city
Swamp:1:  layout_basic_swamp, evilmike_swamp_ruin_house_1,
          infiniplex_staircase_pool, uniq_kirke, uniq_josephine
Swamp:2:  layout_basic_swamp, hangedman_swamp_ruin_wall
Spider:1: layout_spider_delve, nicolae_spider_nook, uniq_azrael
Orc:1:    layout_caves, serial_shops, nicolae_shop_crystal
Orc:2:    st_orc_congregation, layout_caves, basic_altar, special_room,
          serial_shops, shop
Elf:1:    eino_elf_arrival_customs, layout_gridlike, minivault_28, drop_trap

Skill      XL: |  1  2  3  4  5  6  7  8  9 10 11 12 13 14 |
---------------+-------------------------------------------+-----
Unarmed Combat | 1 2 4 6 8 10 11 12 | 12.5
Earth Magic    | 3 4 5 6 7 9 10 | 10.0
Conjurations   | 2 |  2.1
Spellcasting   | 3 4 5 6 9 |  9.0
Fighting       | 3 5 9 10 11 13 | 13.4
Transmutations | 5 8 9 11 13 | 13.5
Dodging        | 4 8 9 11 12 | 12.9
Stealth        | 6 10 | 10.0

Action                   |  1- 3 |  4- 6 |  7- 9 | 10-12 | 13-15 || total
-------------------------+-------+-------+-------+-------+-------++-------
Melee: Unarmed           |    58 |    56 |   104 |   758 |   885 ||  1861
       Bite              |     5 |     5 |    13 |    67 |    81 ||   171
       Punch             |     1 |       |     4 |    27 |    52 ||    84
 Cast: Sandblast         |    57 |    16 |    64 |    76 |     2 ||   215
       Stone Arrow       |       |    50 |   114 |    58 |     7 ||   229
       Petrify           |       |       |    21 |   297 |   155 ||   473
       Statue Form       |       |       |       |     2 |    70 ||    72
       Blade Hands       |       |       |       |     2 |     9 ||    11
Invok: Shadow Step       |       |       |       |       |     2 ||     2
 Abil: Evoke Flight      |       |       |       |       |    22 ||    22
       End Transformatio |       |       |       |       |     5 ||     5
       Stop Flying       |       |       |       |       |     1 ||     1
Evoke: Wand              |       |       |       |    15 |    27 ||    42
  Use: Scroll            |       |       |    11 |    17 |     9 ||    37
       Potion            |       |       |       |       |     8 ||     8
 Stab: Sleeping          |     5 |     5 |     5 |    75 |    34 ||   124
       Petrified         |       |       |    30 |   186 |    75 ||   291
       Petrifying        |       |       |     3 |    13 |     8 ||    24
       Distracted        |       |       |       |     4 |     8 ||    12
       Paralysed         |       |       |       |       |     1 ||     1
  Eat: Chunk             |    12 |     4 |    25 |    97 |    87 ||   225
       Ration            |       |       |     2 |     1 |       ||     3
Armor: Skin              |     6 |     5 |     8 |    35 |   200 ||   254
Dodge: Dodged            |    54 |    86 |   123 |   995 |  1802 ||  3060
Block: Other             |       |       |    12 |    45 |    93 ||   150
       Reflection        |       |       |       |       |     4 ||     4

Table legend:
 A = Non-vault XP
 B = Vault XP
 C = Vault XP percentage of total XP
 D = Non-vault monster count
 E = Vault monster count
 F = Vault count percentage of total count
                 A         B        C        D         E       F
            +---------+---------+-------+---------+---------+-------
      Total |   83820 |   62672 |  42.8 |     528 |     303 |  36.5
            +---------+---------+-------+---------+---------+-------
        D:1 |      27 |       5 |  15.6 |      18 |       1 |   5.3
        D:2 |      48 |      14 |  22.6 |      18 |       1 |   5.3
        D:3 |     102 |    1634 |  94.1 |      27 |       9 |  25.0
        D:4 |     385 |     318 |  45.2 |      12 |       3 |  20.0
        D:5 |     109 |       0 |   0.0 |       8 |       0 |   0.0
        D:6 |    1345 |       0 |   0.0 |      35 |       0 |   0.0
        D:7 |    1024 |     196 |  16.1 |      13 |       1 |   7.1
        D:8 |    1716 |    2886 |  62.7 |      19 |      19 |  50.0
        D:9 |     680 |     621 |  47.7 |      12 |      15 |  55.6
       D:10 |    2450 |    2941 |  54.6 |      30 |       2 |   6.2
       D:11 |    5799 |    4691 |  44.7 |      36 |       8 |  18.2
       D:12 |    2701 |   12179 |  81.8 |      20 |      50 |  71.4
       D:13 |    1094 |       0 |   0.0 |       7 |       0 |   0.0
       D:14 |    4149 |    3228 |  43.8 |      14 |       9 |  39.1
     Lair:1 |    1114 |     226 |  16.9 |       7 |       2 |  22.2
     Lair:2 |    7440 |    4060 |  35.3 |      27 |      20 |  42.6
     Lair:3 |   12997 |    5667 |  30.4 |      49 |      36 |  42.4
     Lair:4 |    3793 |    6713 |  63.9 |      12 |      36 |  75.0
     Lair:5 |    3287 |     881 |  21.1 |      14 |      15 |  51.7
     Lair:6 |    8325 |    1322 |  13.7 |      22 |       9 |  29.0
    Swamp:1 |    9751 |    3745 |  27.7 |      29 |       5 |  14.7
    Swamp:2 |    6584 |       0 |   0.0 |      18 |       0 |   0.0
   Spider:1 |     421 |       0 |   0.0 |       2 |       0 |   0.0
      Orc:1 |    5854 |    5110 |  46.6 |      48 |      17 |  26.2
      Orc:2 |    2625 |    6235 |  70.4 |      31 |      45 |  59.2
            +---------+---------+-------+---------+---------+-------
